| TOP OF THE 1ST |
|
Trenton Thunder batting - Pitching for Montgomery Biscuits : RHP Greg Spaulding
|
|
Pitching: RHP Greg Spaulding
|
|
|
Batting: RHB Tim Osborn
|
0-0: Ball 1-0: SINGLE (Groundball, 6S, EV 73.1 MPH) (infield hit)
|
|
Batting: LHB Bobby Upton
|
0-0: Swinging Strike 0-1: Ground out 6-3 (Groundball, 6MD, EV 108.1 MPH) Tim Osborn to second
|
|
Batting: RHB Jose Tovar
|
0-0: Called Strike 0-1: Ball 1-1: Ground out 6-3 (Groundball, 6, EV 83.8 MPH)
|
|
Batting: RHB Larry Martell
|
0-0: Called Strike 0-1: Ground out U3 (Groundball, 34S, EV 68.1 MPH)
|
| Top of the 1st over - 0 runs, 1 hit, 0 errors, 1 left on base; Trenton 0 - Montgomery 0 |
| BOTTOM OF THE 1ST |
|
Montgomery Biscuits batting - Pitching for Trenton Thunder : RHP Edwin Espinal
|
|
Pitching: RHP Edwin Espinal
|
|
|
Batting: LHB Mark Marvin
|
0-0: Ball 1-0: Called Strike 1-1: Foul Ball, location: 2F 1-2: Foul Ball, location: 2F 1-2: SINGLE (Groundball, 6S, EV 68.1 MPH) (infield hit)
|
|
Batting: RHB David Ward
|
0-0: Called Strike Mark Marvin steals 2nd base 0-1: Ball 1-1: Ball 2-1: Fly out, F8 (Flyball, 89M, EV 90.6 MPH)
|
|
Batting: RHB Adam Kaeser
|
0-0: Foul Ball, location: 2F 0-1: Ball 1-1: Ball 2-1: Ground out 6-3 (Groundball, 6M, EV 92.5 MPH) Mark Marvin to third
|
|
Batting: RHB Jonathan Fraire
|
0-0: Called Strike 0-1: Ball 1-1: Fly out, F7 (Flyball, 7S, EV 89.4 MPH)
|
| Bottom of the 1st over - 0 runs, 1 hit, 0 errors, 1 left on base; Trenton 0 - Montgomery 0 |
| TOP OF THE 2ND |
|
Trenton Thunder batting - Pitching for Montgomery Biscuits : RHP Greg Spaulding
|
|
Batting: RHB Dale Altman
|
0-0: Ball 1-0: Fly out, F8 (Flyball, 8LD, EV 92.5 MPH)
|
|
Batting: RHB Sam Hubbert
|
0-0: Ground out 5-3 (Groundball, 15, EV 80.0 MPH)
|
|
Batting: SHB David Stewart
|
0-0: Foul Ball, location: 2F 0-1: Foul Ball, location: 2F 0-2: Ball 1-2: Ball 2-2: Ball 3-2: Foul Ball, location: 2F 3-2: Ground out 5-3 (Groundball, 5, EV 84.4 MPH)
|
| Top of the 2nd over - 0 runs, 0 hits, 0 errors, 0 left on base; Trenton 0 - Montgomery 0 |
| BOTTOM OF THE 2ND |
|
Montgomery Biscuits batting - Pitching for Trenton Thunder : RHP Edwin Espinal
|
|
Batting: SHB Julio Hernandez
|
0-0: Ground out U3 (Groundball, 34S, EV 85.0 MPH)
|
|
Batting: RHB Freddy Mullen
|
0-0: Ball 1-0: Called Strike 1-1: Swinging Strike 1-2: Fly out, F9 (Line Drive, 9S, EV 93.1 MPH)
|
|
Batting: RHB Mark Richert
|
0-0: Ball 1-0: Ground out 4-3 (Groundball, 4, EV 80.0 MPH)
|
| Bottom of the 2nd over - 0 runs, 0 hits, 0 errors, 0 left on base; Trenton 0 - Montgomery 0 |
| TOP OF THE 3RD |
|
Trenton Thunder batting - Pitching for Montgomery Biscuits : RHP Greg Spaulding
|
|
Batting: RHB Roberto Tena
|
0-0: Ball 1-0: Swinging Strike 1-1: Ball 2-1: Called Strike 2-2: Foul Ball, location: 2F 2-2: SINGLE (Groundball, 6M, EV 90.6 MPH) (infield hit)
|
|
Batting: RHB John Sabean
|
0-0: Called Strike 0-1: Reached on error, E6 (Groundball, 6, EV 85.0 MPH) Roberto Tena to second
|
|
Batting: RHB Tim Osborn
|
0-0: Called Strike 0-1: Ball 1-1: Foul Ball, location: 2F 1-2: Strikes out swinging
|
|
Batting: LHB Bobby Upton
|
0-0: Ball 1-0: Called Strike 1-1: SINGLE (Line Drive, 34D, EV 96.2 MPH) Roberto Tena to third John Sabean to second
|
|
Batting: RHB Jose Tovar
|
0-0: Ball 1-0: Ball 2-0: Grounds into double play, 5-4-3 (Groundball, 56, EV 85.0 MPH)
|
| Top of the 3rd over - 0 runs, 2 hits, 1 error, 2 left on base; Trenton 0 - Montgomery 0 |
| BOTTOM OF THE 3RD |
|
Montgomery Biscuits batting - Pitching for Trenton Thunder : RHP Edwin Espinal
|
|
Batting: LHB Dan Hunt
|
0-0: Swinging Strike 0-1: Ball 1-1: Called Strike 1-2: Ball 2-2: Ball 3-2: Strikes out looking
|
|
Batting: LHB Alex Genao
|
0-0: Called Strike 0-1: Ball 1-1: Ground out 3-1 (Groundball, 3D, EV 83.8 MPH)
|
|
Batting: LHB Mark Marvin
|
0-0: Ball 1-0: Foul Ball, location: 2F 1-1: Swinging Strike 1-2: Strikes out swinging
|
| Bottom of the 3rd over - 0 runs, 0 hits, 0 errors, 0 left on base; Trenton 0 - Montgomery 0 |
| TOP OF THE 4TH |
|
Trenton Thunder batting - Pitching for Montgomery Biscuits : RHP Greg Spaulding
|
|
Batting: RHB Larry Martell
|
0-0: Swinging Strike 0-1: DOUBLE (Line Drive, 7LS, EV 89.4 MPH)
|
|
Batting: RHB Dale Altman
|
0-0: Ball 1-0: Swinging Strike 1-1: Ground out 5-3 (Groundball, 5S, EV 90.6 MPH)
|
|
Batting: RHB Sam Hubbert
|
0-0: Foul Ball, location: 2F 0-1: Ground out 6-3 (Groundball, 6S, EV 83.1 MPH) Larry Martell to third
|
|
Batting: SHB David Stewart
|
0-0: Called Strike 0-1: Called Strike 0-2: Ball 1-2: Ball 2-2: Ball 3-2: Foul Ball, location: 2F 3-2: Foul Ball, location: 2F 3-2: Ground out 3-1 (Groundball, 34, EV 90.6 MPH)
|
| Top of the 4th over - 0 runs, 1 hit, 0 errors, 1 left on base; Trenton 0 - Montgomery 0 |
| BOTTOM OF THE 4TH |
|
Montgomery Biscuits batting - Pitching for Trenton Thunder : RHP Edwin Espinal
|
|
Batting: RHB David Ward
|
0-0: Called Strike 0-1: SINGLE (Groundball, 56S, EV 73.8 MPH) (infield hit)
|
|
Batting: RHB Adam Kaeser
|
0-0: Called Strike 0-1: Ball 1-1: Foul Ball, location: 2F 1-2: Ball 2-2: Grounds into double play, 4-6-3 (Groundball, 34, EV 80.6 MPH)
|
|
Batting: RHB Jonathan Fraire
|
0-0: SINGLE (Groundball, 56D, EV 101.2 MPH)
|
|
Batting: SHB Julio Hernandez
|
0-0: Ball 1-0: Ball 2-0: Ground out 4-3 (Groundball, 34D, EV 109.4 MPH)
|
| Bottom of the 4th over - 0 runs, 2 hits, 0 errors, 1 left on base; Trenton 0 - Montgomery 0 |
| TOP OF THE 5TH |
|
Trenton Thunder batting - Pitching for Montgomery Biscuits : RHP Greg Spaulding
|
|
Batting: RHB Roberto Tena
|
0-0: Ball 1-0: Called Strike 1-1: Fly out, F5 (Line Drive, 56, EV 66.2 MPH)
|
|
Batting: RHB John Sabean
|
0-0: Ball 1-0: Foul Ball, location: 2F 1-1: SINGLE (Groundball, 6D, EV 104.4 MPH)
|
|
Batting: RHB Tim Osborn
|
0-0: Ball 1-0: Ball 2-0: Foul Ball, location: 2F 2-1: Foul Ball, location: 2F 2-2: Ball 3-2: Base on Balls John Sabean to second
|
|
Batting: LHB Bobby Upton
|
0-0: Ball 1-0: Foul Ball, location: 2F 1-1: Fly out, F6 (Line Drive, 6, EV 65.6 MPH)
|
|
Batting: RHB Jose Tovar
|
0-0: Ball 1-0: Fielders Choice at 2nd, 6-4 (Groundball, 6, EV 88.1 MPH)
|
| Top of the 5th over - 0 runs, 1 hit, 0 errors, 2 left on base; Trenton 0 - Montgomery 0 |
| BOTTOM OF THE 5TH |
|
Montgomery Biscuits batting - Pitching for Trenton Thunder : RHP Edwin Espinal
|
|
Batting: RHB Freddy Mullen
|
0-0: Ball 1-0: Fly out, F3 (Popup, 3F, EV 63.1 MPH)
|
|
Batting: RHB Mark Richert
|
0-0: Ball 1-0: Called Strike 1-1: Ball 2-1: Ball 3-1: Base on Balls
|
|
Batting: LHB Dan Hunt
|
0-0: Called Strike 0-1: Ball 1-1: DOUBLE (Groundball, 5L, EV 97.5 MPH) Mark Richert to third
|
|
Batting: LHB Alex Genao
|
0-0: SINGLE (Groundball, 3D, EV 98.8 MPH) Mark Richert scores Dan Hunt to third Runner from 3rd tries for Home, SAFE, throw by RF to home
|
|
Batting: LHB Mark Marvin
|
0-0: Ball 1-0: Called Strike 1-1: Ball 2-1: SINGLE (Groundball, 4D, EV 100.0 MPH) Alex Genao to second Runner from 2nd tries for 3rd, SAFE, throw by RF made to third
|
|
Batting: RHB David Ward
|
0-0: Ball 1-0: Called Strike Mark Marvin steals 2nd base 1-1: Foul Ball, location: 2F 1-2: Ground out 6-3 (Groundball, 6, EV 86.9 MPH) Alex Genao scores Mark Marvin to third
|
|
Batting: RHB Adam Kaeser
|
0-0: Foul Ball, location: 2F 0-1: Ball 1-1: Called Strike 1-2: Ball 2-2: SINGLE (Line Drive, 7LM, EV 103.1 MPH) Mark Marvin scores
|
|
Batting: RHB Jonathan Fraire
|
0-0: Called Strike 0-1: Swinging Strike 0-2: Strikes out looking
|
| Bottom of the 5th over - 4 runs, 4 hits, 0 errors, 1 left on base; Trenton 0 - Montgomery 4 |
| TOP OF THE 6TH |
|
Trenton Thunder batting - Pitching for Montgomery Biscuits : RHP Greg Spaulding
|
|
Batting: RHB Larry Martell
|
0-0: Called Strike 0-1: Swinging Strike 0-2: Ball 1-2: Strikes out swinging
|
|
Batting: RHB Dale Altman
|
0-0: Called Strike 0-1: SINGLE (Line Drive, 8RS, EV 111.9 MPH)
|
|
Batting: RHB Sam Hubbert
|
0-0: Ball 1-0: Called Strike 1-1: Ball 2-1: Swinging Strike 2-2: Foul Ball, location: 2F 2-2: Ball 3-2: Strikes out swinging
|
|
Batting: SHB David Stewart
|
0-0: Ball 1-0: Foul Ball, location: 2F 1-1: Ball 2-1: Ground out 5-3 (Groundball, 5S, EV 61.9 MPH)
|
| Top of the 6th over - 0 runs, 1 hit, 0 errors, 1 left on base; Trenton 0 - Montgomery 4 |
| BOTTOM OF THE 6TH |
|
Montgomery Biscuits batting - Pitching for Trenton Thunder : RHP Edwin Espinal
|
|
Batting: SHB Julio Hernandez
|
0-0: Called Strike 0-1: Ball 1-1: Ball 2-1: Ground out 5-3 (Groundball, 5S, EV 76.9 MPH)
|
|
Batting: RHB Freddy Mullen
|
0-0: Ball 1-0: Ball 2-0: Called Strike 2-1: Ball 3-1: Called Strike 3-2: Base on Balls
|
|
Batting: RHB Mark Richert
|
0-0: Called Strike 0-1: Grounds into double play, 5-4-3 (Groundball, 56, EV 88.8 MPH)
|
| Bottom of the 6th over - 0 runs, 0 hits, 0 errors, 0 left on base; Trenton 0 - Montgomery 4 |
| TOP OF THE 7TH |
|
Trenton Thunder batting - Pitching for Montgomery Biscuits : RHP Greg Spaulding
|
|
Batting: RHB Roberto Tena
|
0-0: Fly out, F9 (Flyball, 89S, EV 88.1 MPH)
|
|
Batting: RHB John Sabean
|
0-0: SINGLE (Flyball, 3D, EV 90.0 MPH)
|
|
Batting: RHB Tim Osborn
|
0-0: Swinging Strike 0-1: Swinging Strike 0-2: Strikes out swinging
|
|
Batting: LHB Bobby Upton
|
0-0: Ball 1-0: Ball 2-0: Ball 3-0: Base on Balls John Sabean to second
|
|
Batting: RHB Jose Tovar
|
0-0: Fly out, F7 (Flyball, 78XD, EV 100.6 MPH)
|
| Top of the 7th over - 0 runs, 1 hit, 0 errors, 2 left on base; Trenton 0 - Montgomery 4 |
| BOTTOM OF THE 7TH |
|
Montgomery Biscuits batting - Pitching for Trenton Thunder : RHP Edwin Espinal
|
|
Batting: LHB Dan Hunt
|
0-0: Called Strike 0-1: Foul Ball, location: 2F 0-2: Strikes out swinging
|
|
Batting: LHB Alex Genao
|
0-0: Called Strike 0-1: Ball 1-1: Ball 2-1: Ball 3-1: SINGLE (Line Drive, 7S, EV 106.2 MPH)
|
|
Batting: LHB Mark Marvin
|
0-0: Ball 1-0: TRIPLE (Flyball, 89XD, EV 93.8 MPH) Alex Genao scores
|
|
Pitching: LHP Josh Shaw
|
|
|
Batting: RHB David Ward
|
0-0: Ball 1-0: Foul Ball, location: 2F 1-1: Foul Ball, location: 2F 1-2: Strikes out swinging
|
|
Batting: RHB Adam Kaeser
|
0-0: SINGLE (Flyball, 56D, EV 89.4 MPH) Mark Marvin scores
|
|
Batting: RHB Jonathan Fraire
|
0-0: SINGLE (Flyball, 78S, EV 96.9 MPH) Adam Kaeser to second
|
|
Batting: SHB Julio Hernandez
|
0-0: Ball 1-0: Called Strike 1-1: Called Strike 1-2: Ball 2-2: Ball 3-2: Strikes out swinging
|
| Bottom of the 7th over - 2 runs, 4 hits, 0 errors, 2 left on base; Trenton 0 - Montgomery 6 |
| TOP OF THE 8TH |
|
Trenton Thunder batting - Pitching for Montgomery Biscuits : RHP Greg Spaulding
|
|
Batting: RHB Larry Martell
|
0-0: Called Strike 0-1: Ball 1-1: Foul Ball, location: 2F 1-2: Ball 2-2: Ball 3-2: Foul Ball, location: 2F 3-2: Fly out, F6 (Popup, 6M, EV 78.1 MPH)
|
|
Batting: RHB Dale Altman
|
0-0: Ball 1-0: Swinging Strike 1-1: Called Strike 1-2: Ball 2-2: Ground out 6-3 (Groundball, 6, EV 91.2 MPH)
|
|
Batting: RHB Sam Hubbert
|
0-0: Ball 1-0: Ball 2-0: Foul Ball, location: 2F 2-1: Called Strike 2-2: Ball 3-2: Foul Ball, location: 2F 3-2: Foul Ball, location: 2F 3-2: Base on Balls
|
|
Pitching: RHP David Breaux
|
|
|
Batting: SHB David Stewart
|
0-0: Ball 1-0: Foul Ball, location: 2F 1-1: Fielders Choice at 2nd, 6-4 (Groundball, 6, EV 76.2 MPH)
|
| Top of the 8th over - 0 runs, 0 hits, 0 errors, 1 left on base; Trenton 0 - Montgomery 6 |
| BOTTOM OF THE 8TH |
|
Montgomery Biscuits batting - Pitching for Trenton Thunder : LHP Josh Shaw
|
|
Batting: RHB Freddy Mullen
|
0-0: Ball 1-0: Called Strike 1-1: Foul Ball, location: 2F 1-2: Ball 2-2: Ball 3-2: Strikes out swinging
|
|
Batting: RHB Mark Richert
|
0-0: Ball 1-0: Called Strike 1-1: Foul Ball, location: 2F 1-2: Ball 2-2: DOUBLE (Flyball, 8LD, EV 96.2 MPH)
|
|
Pitching: LHP George Grady
|
|
|
Batting: LHB Dan Hunt
|
0-0: Ground out U3 (Groundball, 3, EV 80.6 MPH) Mark Richert to third
|
|
Batting: LHB Alex Genao
|
0-0: Ball 1-0: Ball 2-0: Called Strike 2-1: Called Strike 2-2: Strikes out swinging
|
| Bottom of the 8th over - 0 runs, 1 hit, 0 errors, 1 left on base; Trenton 0 - Montgomery 6 |
| TOP OF THE 9TH |
|
Trenton Thunder batting - Pitching for Montgomery Biscuits : RHP David Breaux
|
|
Batting: RHB Roberto Tena
|
0-0: Ball 1-0: Called Strike 1-1: Ball 2-1: Called Strike 2-2: Strikes out looking
|
|
Batting: RHB John Sabean
|
0-0: Called Strike 0-1: Ball 1-1: Ball 2-1: Ball 3-1: Called Strike 3-2: Foul Ball, location: 2F 3-2: SINGLE (Flyball, 8LS, EV 91.2 MPH)
|
|
Batting: RHB Tim Osborn
|
0-0: Ball 1-0: Ball 2-0: Foul Ball, location: 2F 2-1: Foul Ball, location: 2F 2-2: Ball 3-2: Foul Ball, location: 2F 3-2: Fly out, F6 (Popup, 6M, EV 55.6 MPH)
|
|
Batting: LHB Bobby Upton
|
0-0: Fly out, F9 (Flyball, 9D, EV 90.6 MPH)
|
| Top of the 9th over - 0 runs, 1 hit, 0 errors, 1 left on base; Trenton 0 - Montgomery 6 |
|